 Dungeon Crawl Stone Soup version 0.19-a0-1732-g0b18a7b (webtiles) character file.

33 ololoev the Slasher (level 3, -3/26 HPs)
             Began as a High Elf Chaos Knight on Sept 30, 2016.
             Slain by a leopard gecko (4 damage)
             ... on level 1 of the Dungeon.
             The game lasted 00:01:39 (517 turns).

ololoev the Slasher (High Elf Chaos Knight)          Turns: 517, Time: 00:01:39

Health: -3/26      AC:  5    Str: 12    XL:     3   Next: 12%
Magic:  4/4        EV: 12    Int: 16    God:    Xom [..*...]
Gold:   13         SH:  0    Dex: 14    Spells: 0 memorised, 2 levels left

rFire  . . .     SeeInvis .     a - +0 falchion (chaos)
rCold  . . .     Gourm    .     b - +2 leather armour
rNeg   . . .     Faith    .     (no shield)
rPois  .         Spirit   .     (no helmet)
rElec  .         Dismiss  .     (no cloak)
rCorr  .         Reflect  .     (no gloves)
MR     .....     Harm     .     (no boots)
Stlth  +.........               (no amulet)
                                (no ring)
                                (no ring)

@: no status effects
A: no striking features
a: Renounce Religion

Inventory:

Hand Weapons
 a - a +0 falchion of chaos (weapon)
Armour
 b - a +2 leather armour (worn)
Scrolls
 e - a scroll of blinking {unknown}
 f - a scroll of identify {unknown}
Comestibles
 c - a bread ration
 d - a chunk of flesh


   Skills:
 + Level 3.2 Fighting
 * Level 4.6 Long Blades
 + Level 1.3 Armour
 - Level 2.1 Dodging


You had 2 spell levels left.
You didn't know any spells.


You were on level 1 of the Dungeon.
You worshipped Xom.
You were a toy of Xom.
You were not hungry.

You visited 1 branch of the dungeon, and saw 1 of its levels.

You collected 13 gold pieces.

#.....#....###
#......).....#
#............#
######.......#
#.......#
#.......#
#.......#
######)######
#.@....#
######.#

Notes
Turn   | Place    | Note
-------+----------+-------------------------------------------
     0 | D:1      | ololoev the High Elf Chaos Knight began the quest for the Orb.
     0 | D:1      | Reached XP level 1. HP: 16/16 MP: 2/2
    13 | D:1      | Reached skill level 1 in Armour
    46 | D:1      | Goblin1989: ты не боишься всех своих деентчаров поубивать?
    48 | D:1      | ololoev: лол а что делать то?
    48 | D:1      | ololoev: не играть ими?
    65 | D:1      | Reached skill level 4 in Long Blades
    65 | D:1      | Reached XP level 2. HP: 20/21 MP: 3/3
   271 | D:1      | XOM: silly message
   439 | D:1      | Reached XP level 3. HP: 24/26 MP: 4/4
   500 | D:1      | Goblin1989: ну
   509 | D:1      | DEFE: А чому
   515 | D:1      | HP: 1/26 [something (4)]
   517 | D:1      | Slain by a leopard gecko

Dungeon Overview and Level Annotations

Branches:
Dungeon (1/15)

Altars:


Message History

e - a scroll labeled SIBESOVVEI A hobgoblin comes into view.
It is wielding a club.
A hobgoblin is nearby!
A hobgoblin is nearby!
A hobgoblin is nearby!
A goblin comes into view.
The hobgoblin shouts!
The goblin shouts!
You hit the hobgoblin. You burn the hobgoblin.
You kill the hobgoblin!
The goblin hits you but does no damage.
Things that are here:
a club; a hobgoblin corpse You closely miss the goblin.
The goblin hits you.
You closely miss the goblin. The goblin hits you.
You barely miss the goblin. The goblin barely misses you.
You completely miss the goblin. The goblin closely misses you.
You closely miss the goblin. The goblin hits you but does no damage.
You hit the goblin.
The goblin is poisoned.
The goblin is moderately wounded.
The goblin misses you.
You closely miss the goblin.
The goblin is heavily wounded.
The goblin hits you.
You hit the goblin. You burn the goblin.
You kill the goblin!
No target in view!
No target in view!
f - a scroll labeled KEINUWKENER As you open the door, it creaks loudly!
A goblin and a hobgoblin come into view.
You hear an angry hiss.
There are monsters nearby!
There are monsters nearby!
There are monsters nearby!
You hit the goblin. You burn the goblin.
You kill the goblin!
You hit the hobgoblin.
You kill the hobgoblin!
No target in view!
No target in view!
No target in view!
No target in view!
A leopard gecko comes into view.
There is an open door, spattered with blood here.
Things that are here:
a club; a dagger; a goblin corpse The leopard gecko bites you.
You barely miss the leopard gecko. The leopard gecko bites you.
You are too injured to fight recklessly!
You are too injured to fight recklessly!
You are too injured to fight recklessly!
You are too injured to fight recklessly!
You are too injured to fight recklessly!
You are too injured to fight recklessly!
You are too injured to fight recklessly!
You are too injured to fight recklessly!
You are too injured to fight recklessly!
You are too injured to fight recklessly!
You are too injured to fight recklessly!
You closely miss the leopard gecko. The leopard gecko closely misses you.
You riposte.
You hit the leopard gecko.
The leopard gecko flickers and vanishes!
Deactivating autopickup; reactivate with Ctrl-A.
You barely miss something. Something bites you. x2
You closely miss something. Something bites you but does no damage.
You barely miss something. Something bites you.
Something bites you but does no damage.
Some of the chunks of flesh in your inventory have rotted away.
You miss something. Something bites you but does no damage.
You miss something. Something bites you.
You barely miss something.
Something bites you but does no damage. x2
You closely miss something. Something bites you but does no damage.
You hit something but do no damage. Something barely misses you.
You barely miss something. Something bites you.
You closely miss something. Something bites you but does no damage.
Something bites you.
You miss something. Something bites you but does no damage.
You closely miss something. Something bites you.
You die...

There were no monsters in sight!

Vanquished Creatures
  An ooze (D:1)
  3 dart slugs (D:1)
  A leopard gecko (D:1)
  5 goblins (D:1)
  2 hobgoblins (D:1)
  4 jackals (D:1)
  A bat (D:1)
  2 kobolds (D:1)
  3 rats (D:1)
22 creatures vanquished.

Action                   || total
-------------------------++-------
Melee: Falchion          ||    86
Armor: Leather armour    ||    27
Dodge: Dodged            ||    33

Vault maps used:
D:1:      eino_arrival_druids_welcome
